 Dungeon Crawl Stone Soup version 0.30-a0-142-g7370640ec8 (webtiles) character file.

Game seed: 3954673445724658031

1540 Angani the Zephyrmancer (level 9, 0/62 HPs)
             Began as a Meteoran Air Elementalist on Sept 25, 2022.
             Killed by their own static electricity (4 damage)
             ... on level 6 of the Dungeon on Sept 26, 2022.
             The game lasted 00:15:53 (2328 turns).

Angani the Zephyrmancer (Meteoran Air Elementalist) Turns: 2328, Time: 00:15:54

Health: 0/62       AC:  2    Str:  9    XL:     9   Next: 33%
Magic:  13/22      EV: 12    Int: 21    God:
Gold:   261        SH:  0    Dex: 16    Spells: 14/24 levels left

rFire   . . .      SeeInvis .    p - +2 dagger (venom)
rCold   + . .      Faith    .    (no shield)
rNeg    + . .      Spirit   .    a - +0 robe
rPois   .          Reflect  .    (no helmet)
rElec   .          Harm     .    (no cloak)
rCorr   .          Rampage  .    (no gloves)
Will    +....                    (no boots)
Stlth   +.........               (no amulet)
HPRegen 0.20/turn                k - ring of protection from cold
MPRegen 0.18/turn                u - ring of positive energy

@: glowing
A: sense surroundings 2, otherworldly, glowing, explore regen
a: no special abilities


You were on level 6 of the Dungeon.
You visited 1 branch of the dungeon, and saw 7 of its levels.

You collected 261 gold pieces.

Inventory:

Hand Weapons
 p - a +2 dagger of venom (weapon)
Missiles
 r - 3 throwing nets
Armour
 a - a +0 robe (worn)
 m - a +0 buckler
Magical Staves
 t - a staff of death
Jewellery
 c - a ring of protection from fire
 k - a ring of protection from cold (left hand)
 u - a ring of positive energy (right hand)
Scrolls
 h - a scroll of teleportation
 i - a scroll of silence
 o - 2 scrolls of amnesia
 s - a scroll of enchant weapon
Potions
 b - 2 potions of magic
 d - a potion of brilliance
 e - a potion of haste {unknown}
 f - 2 potions of resistance
 g - 5 potions of flight
 j - a potion of mutation {unknown}
 l - a potion of cancellation
 n - 2 potions of ambrosia {unknown}
 q - 2 potions of curing
 v - a potion of degeneration {unknown}


   Skills:
 - Level 2.4 Dodging
 - Level 1.4 Stealth
 + Level 8.3 Spellcasting
 - Level 4.6 Conjurations
 + Level 9.8 Air Magic


You had 14 spell levels left.
You knew the following spells:

 Your Spells              Type           Power      Damage    Failure   Level
a - Shock                 Conj/Air       100%       1d9       1%          1
b - Static Discharge      Conj/Air       78%        2-6/arc   1%          2
c - Swiftness             Air            50%        N/A       1%          3
d - Airstrike             Air            25%        2d(4-20)  1%          4

Your spell library contained the following spells:

 Spells                   Type           Power      Damage    Failure   Level
 Stone Arrow              Conj/Erth      36%        3d9       9%          3
 Ensorcelled Hibernation  Hex/Ice        16%        N/A       12%         2
 Spider Form              Tmut/Pois      8%         N/A       24%         3
 Anguish                  Hex/Necr       4%         N/A       61%         4
 Animate Armour           Summ/Erth      16%        N/A       61%         4
 Lehudib's Crystal Spear  Conj/Erth      9%         10d4      100%        8


Dungeon Overview and Level Annotations

Branches:
Dungeon (7/15) Zot: 1864
 Temple: D:4-7

Altars:
Hepliaklqana
Nemelex Xobeh

Annotations:
D:6 exclusion: ice beast, Pikel


Innate Abilities, Weirdness & Mutations

You passively map the area around you.
You are easily found by Zot.
You glow in the dark.
You regain HP and MP as you explore.


Message History

Casting: Static Discharge (safe; 1% risk of failure)
Confirm with . or Enter, or press ? or * to list all spells.
The lemure is struck by an arc of lightning.
The lemure is lightly wounded.
You are struck by an arc of lightning.
The wight is struck by an arc of lightning.
The wight is heavily damaged.
You are struck by an arc of lightning.
The lightning grounds out.
The wight is struck by an arc of lightning.
The wight is severely damaged.
You are struck by an arc of lightning.
The lightning grounds out.
Pikel, Merchant of Souls comes into view.
He is wielding a +1 whip of flaming and carrying a wand of digging (4).
The wight hits you with a +3 war axe. The lemure barely misses you.
Casting: Static Discharge (safe; 1% risk of failure)
Confirm with . or Enter, or press ? or * to list all spells.
The lemure is struck by an arc of lightning.
The lemure is moderately wounded.
You are struck by an arc of lightning.
* * * LOW HITPOINT WARNING * * *
The wight is struck by an arc of lightning!
You destroy the wight!
You are struck by an arc of lightning.
* * * LOW HITPOINT WARNING * * *
The lemure is struck by an arc of lightning.
The lemure is heavily wounded.
The lightning grounds out.
A lemure comes into view.
The lemure hits you!
* * * LOW HITPOINT WARNING * * *
Unknown command.
Casting: Static Discharge (safe; 1% risk of failure)
Confirm with . or Enter, or press ? or * to list all spells.
The lemure is struck by an arc of lightning.
The lemure is severely wounded.
You are struck by an arc of lightning.
* * * LOW HITPOINT WARNING * * *
The lemure is struck by an arc of lightning.
The lemure is almost dead.
You are struck by an arc of lightning.
You die...

####.# * , , ,* #....##.....
.....########** **
#........... ............#
##...##.#.## #.#########.#
#...##.#.# #... #.#
######.#># ####.. #.# ###
#.### *## #.####.###
#######'## #........#
#........#
*##.########@#####........###
..........5.)...#........#..
.#.###..........#######.##.#
,*, *#K#..............#.##.#
, , #5.##..#.....####.#.##.#
* ,..#...#.....# # #.##.# *
.#.#...#.....# #.#.#...
#.#.....####..# #.#.#..#
#######.#.#.######..#
#......#


You could see Pikel and 2 lemures.

Vanquished Creatures
  Eustachio (D:6)
  A steam dragon (D:6)
  A water moccasin (D:7)
  2 ogres
  A centaur (D:5)
  A necrophage (D:6)
  4 wights (D:6)
  3 hounds
  A gnoll bouda (D:4)
  2 orc priests
  An iguana (D:7)
  5 orc wizards
  12 gnolls
  6 adders
  A shadow imp (D:7)
  A white imp (D:6)
  An adder skeleton (D:2)
  A worm (D:3)
  11 dart slugs
  18 orcs
  7 ball pythons
  8 bats
  A bat skeleton (D:2)
  A bat zombie (D:2)
  2 endoplasms
  5 giant cockroaches
  7 hobgoblins
  6 jackals
  3 quokkas
  A ball python zombie (D:2)
  4 goblins
  7 kobolds
  A quokka skeleton (D:2)
  4 rats
131 creatures vanquished.

Vanquished Creatures (others)
  10 plants (D:3)
10 creatures vanquished.

Grand Total: 141 creatures vanquished

Notes
Turn   | Place    | Note
-------+----------+-------------------------------------------
     0 | D:1      | Angani the Meteoran Air Elementalist began the quest for
                  | the Orb.
     0 | D:1      | Reached XP level 1. HP: 14/14 MP: 5/5
    56 | D:1      | Reached XP level 2. HP: 20/20 MP: 1/6
    87 | D:1      | Reached skill level 4 in Air Magic
   232 | D:2      | Reached XP level 3. HP: 26/26 MP: 6/8
   342 | D:2      | Learned a level 2 spell: Static Discharge
   346 | D:2      | Learned a level 3 spell: Swiftness
   361 | D:2      | Reached XP level 4. HP: 29/33 MP: 4/9
   627 | D:2      | You fall into a shaft and drop 1 floor!
   637 | D:3      | Found a hazy altar of Hepliaklqana.
   668 | D:3      | Reached skill level 5 in Air Magic
   720 | D:3      | Reached XP level 5. HP: 16/38 MP: 1/11
   852 | D:3      | Learned a level 4 spell: Airstrike
   855 | D:4      | Noticed an ogre
   866 | D:3      | Reached XP level 6. HP: 45/45 MP: 0/13
  1029 | D:4      | Killed an ogre
  1030 | D:4      | Reached skill level 6 in Air Magic
  1098 | D:3      | Reached XP level 7. HP: 50/50 MP: 11/14
  1258 | D:4      | Found a sparkling altar of Nemelex Xobeh.
  1441 | D:4      | Reached skill level 7 in Air Magic
  1471 | D:5      | Entered Level 5 of the Dungeon
  1479 | D:5      | Reached skill level 5 in Spellcasting
  1665 | D:5      | Reached XP level 8. HP: 41/57 MP: 10/16
  1673 | D:5      | You fall into a shaft and drop 2 floors!
  1680 | D:7      | Noticed a hornet
  1870 | D:6      | Reached skill level 8 in Air Magic
  1888 | D:6      | Noticed Eustachio
  1890 | D:6      | Killed Eustachio
  2092 | D:6      | Noticed a steam dragon
  2115 | D:6      | Killed a steam dragon
  2116 | D:6      | Reached skill level 9 in Air Magic
  2116 | D:6      | Gained mutation: You passively map the area around you.
                  | [Meteoran growth]
  2116 | D:6      | Reached XP level 9. HP: 62/62 MP: 11/20
  2326 | D:6      | Noticed Pikel
  2328 | D:6      | Killed from afar by themself

Illustrated notes

Levels and vault maps discovered:
D:1:      dpeg_arrival_shelter, layout_loops_ring,
          chequers_ecumenical_altar_twisty, amethyst_killhole
D:2:      layout_basic, serial_undead, serial_undead_d, serial_undead_b,
          serial_undead_a, serial_undead_b, kennysheep_generic_room_13
D:3:      layout_rooms, mainiacjoe_overflow_surrounded_room, serial_forest,
          infiniplex_forest_lined_room_2, infiniplex_forest_lined_3,
          infiniplex_forest_clump_double, infiniplex_forest_lined_2,
          infiniplex_forest_clump_long, infiniplex_forest_lined_1,
          infiniplex_forest_side_room, infiniplex_forest_end_3
D:4:      layout_loops_ring, nemelex_spade_bored_becter, minivault_4
D:5:      kennysheep_slugbush, layout_loops_cross,
          lemuel_mausoleum_altar_kikubaaqudgha, minmay_temple_entry_offerings,
          serial_shops, shop_fountains
D:6:      layout_basic, uniq_pikel, uniq_eustachio
D:7:      layout_loops_corners, grunt_ministairs_5, due_unseen_surprise

Skill      XL: |  1  2  3  4  5  6  7  8  9 |
---------------+----------------------------+-----
Air Magic      | 4 5 6 7 9 |  9.8
Spellcasting   | 3 4 5 7 8 |  8.3
Conjurations   | 2 3 4 |  4.6
Dodging        | |  2.4
Stealth        | |  1.4

Action                   |  1- 3 |  4- 6 |  7- 9 || total
-------------------------+-------+-------+-------++-------
Melee: Unarmed           |     2 |    13 |       ||    15
       Dagger            |       |     2 |       ||     2
 Cast: Shock             |    44 |    93 |   120 ||   257
       Static Discharge  |       |     2 |    21 ||    23
       Airstrike         |       |     2 |    13 ||    15
  Use: Scroll            |       |       |     9 ||     9
       Potion            |       |       |     2 ||     2
Armor: Robe              |    21 |    12 |     8 ||    41
Dodge: Dodged            |    18 |    26 |    32 ||    76

Table legend: (Time is in decaauts)
 A = Elapsed time spent in this place.
 B = Non-inter-level travel time spent in this place.
 C = Inter-level travel time spent in this place.
 D = Time resting spent in this place.
 E = Time spent auto-exploring this place.
 F = Levels seen in this place.
 G = Mean time per level.
                   A        B        C        D        E       F      G
               +--------+--------+--------+--------+--------+-----+--------+
         Total |   2335 |   2152 |    183 |      0 |      0 |   7 |  333.6 |
       Dungeon |   2335 |   2152 |    183 |      0 |      0 |   7 |  333.6 |
               +--------+--------+--------+--------+--------+-----+--------+

Top non-repeatable levels by time:
     D:4: 569 daAuts
     D:6: 474 daAuts
     D:2: 407 daAuts
     D:3: 334 daAuts
     D:1: 216 daAuts
     D:7: 183 daAuts
     D:5: 149 daAuts
